| TOP OF THE 1ST |
|
Visalia Mets batting - Pitching for Salinas Fire Frogs : RHP Francis Reilly
|
|
Pitching: RHP Francis Reilly
|
|
|
Batting: RHB Danny Ainge
|
0-0: Called Strike 0-1: Ball 1-1: Ground out 5-3 (Groundball, 56, EV 88.8 MPH)
|
|
Batting: RHB Ed Sedar
|
0-0: Fly out, F8 (Line Drive, 8LM, EV 85.0 MPH)
|
|
Batting: LHB Huey Gayden
|
0-0: Called Strike 0-1: Ground out U3 (Groundball, 3, EV 92.5 MPH)
|
| Top of the 1st over - 0 runs, 0 hits, 0 errors, 0 left on base; Visalia 0 - Salinas 0 |
| BOTTOM OF THE 1ST |
|
Salinas Fire Frogs batting - Pitching for Visalia Mets : LHP Tom Bolton
|
|
Pitching: LHP Tom Bolton
|
|
|
Batting: RHB Bobby Morin
|
0-0: Ball 1-0: Fly out, F4 (Popup, 34S, EV 84.4 MPH)
|
|
Batting: RHB Carlos Urias
|
0-0: Fly out, F8 (Flyball, 89D, EV 100.6 MPH)
|
|
Batting: RHB Kevin Mitchell
|
0-0: Ball 1-0: Ball 2-0: Fly out, F3 (Popup, 3F, EV 66.9 MPH)
|
| Bottom of the 1st over - 0 runs, 0 hits, 0 errors, 0 left on base; Visalia 0 - Salinas 0 |
| TOP OF THE 2ND |
|
Visalia Mets batting - Pitching for Salinas Fire Frogs : RHP Francis Reilly
|
|
Batting: LHB Pete Dalena
|
0-0: Called Strike 0-1: Ball 1-1: Called Strike 1-2: Ball 2-2: Ball 3-2: Foul Ball, location: 2F 3-2: Ground out 4-3 (Groundball, 4, EV 105.0 MPH)
|
|
Batting: RHB Gabriel de la Sancha
|
0-0: TRIPLE (Line Drive, 89XD, EV 112.5 MPH)
|
|
Batting: RHB Mitchell Ashmore
|
0-0: Called Strike 0-1: Ball 1-1: Ball 2-1: DOUBLE (Flyball, 8RXD, EV 110.0 MPH) Gabriel de la Sancha scores
|
|
Batting: SHB Rene Quinones
|
0-0: Ball 1-0: Called Strike 1-1: Foul Ball, location: 2F 1-2: Ball 2-2: Ball Wild Pitch! Mitchell Ashmore to third 3-2: Fly out, F6 (Popup, 6MS, EV 55.0 MPH)
|
|
Batting: SHB Marcos Gomez
|
0-0: Called Strike 0-1: Called Strike 0-2: Foul Ball, location: 2F 0-2: Fly out, F9 (Flyball, 9LS, EV 78.1 MPH)
|
| Top of the 2nd over - 1 run, 2 hits, 0 errors, 1 left on base; Visalia 1 - Salinas 0 |
| BOTTOM OF THE 2ND |
|
Salinas Fire Frogs batting - Pitching for Visalia Mets : LHP Tom Bolton
|
|
Batting: RHB Bruce Morrison
|
0-0: Called Strike 0-1: Foul Ball, location: 2F 0-2: Ball 1-2: Ground out 5-3 (Groundball, 56, EV 84.4 MPH)
|
|
Batting: LHB Raymond Smith
|
0-0: Called Strike 0-1: Swinging Strike 0-2: SINGLE (Groundball, 34S, EV 73.1 MPH) (infield hit)
|
|
Batting: RHB Ramon Jimenez
|
0-0: Called Strike 0-1: Ball 1-1: Grounds into double play, 4-6-3 (Groundball, 4, EV 78.1 MPH)
|
| Bottom of the 2nd over - 0 runs, 1 hit, 0 errors, 0 left on base; Visalia 1 - Salinas 0 |
| TOP OF THE 3RD |
|
Visalia Mets batting - Pitching for Salinas Fire Frogs : RHP Francis Reilly
|
|
Batting: RHB Eddie Dennis
|
0-0: Ball 1-0: SINGLE (Line Drive, 5L, EV 106.9 MPH)
|
|
Batting: RHB Danny Ainge
|
0-0: Ball 1-0: SINGLE (Line Drive, 9S, EV 95.0 MPH) Eddie Dennis to second Runner from 2nd tries for 3rd, SAFE, throw by RF made to third
|
|
Batting: RHB Ed Sedar
|
0-0: Ball 1-0: Called Strike 1-1: Grounds into double play, 5-4-3 (Groundball, 56, EV 75.6 MPH) Eddie Dennis scores
|
|
Batting: LHB Huey Gayden
|
0-0: Ground out 5-3 (Groundball, 56, EV 103.1 MPH)
|
| Top of the 3rd over - 1 run, 2 hits, 0 errors, 0 left on base; Visalia 2 - Salinas 0 |
| BOTTOM OF THE 3RD |
|
Salinas Fire Frogs batting - Pitching for Visalia Mets : LHP Tom Bolton
|
|
Batting: LHB Daryl Pitts
|
0-0: Called Strike 0-1: SINGLE (Groundball, 6MD, EV 102.5 MPH)
|
|
Batting: RHB Bruce Seid
|
0-0: Ball 1-0: Ball 2-0: Ball 3-0: Called Strike 3-1: Base on Balls Daryl Pitts to second
|
|
Batting: LHB Charles McGehee
|
0-0: Ball 1-0: Foul Ball, location: 2F 1-1: Swinging Strike 1-2: Strikes out swinging
|
|
Batting: RHB Bobby Morin
|
0-0: Called Strike 0-1: Ball 1-1: Called Strike 1-2: Grounds into double play, 4-6-3 (Groundball, 4, EV 86.9 MPH)
|
| Bottom of the 3rd over - 0 runs, 1 hit, 0 errors, 1 left on base; Visalia 2 - Salinas 0 |
| TOP OF THE 4TH |
|
Visalia Mets batting - Pitching for Salinas Fire Frogs : RHP Francis Reilly
|
|
Batting: LHB Pete Dalena
|
0-0: Called Strike 0-1: Ball 1-1: DOUBLE (Line Drive, 89M, EV 101.9 MPH)
|
|
Batting: RHB Gabriel de la Sancha
|
0-0: DOUBLE (Flyball, 8LXD, EV 98.8 MPH) Pete Dalena scores
|
|
Batting: RHB Mitchell Ashmore
|
0-0: SINGLE (Groundball, 6MD, EV 98.8 MPH) Gabriel de la Sancha to third Runner from 3rd tries for Home, SAFE, throw by CF to home
|
|
Batting: SHB Rene Quinones
|
0-0: DOUBLE (Line Drive, 7LS, EV 100.6 MPH) Mitchell Ashmore to third
|
|
Batting: SHB Marcos Gomez
|
0-0: Called Strike 0-1: Called Strike 0-2: Ball 1-2: Ground out 4-3 (Groundball, 4, EV 89.4 MPH) Mitchell Ashmore scores Rene Quinones to third
|
|
Batting: RHB Eddie Dennis
|
0-0: Ball 1-0: SINGLE (Groundball, 34D, EV 98.1 MPH) Rene Quinones scores
|
|
Pitching: RHP David Wong
|
|
|
Batting: RHB Danny Ainge
|
0-0: SINGLE (Line Drive, 89M, EV 92.5 MPH) Eddie Dennis to second Runner from 2nd tries for 3rd, SAFE, throw by RF made to third
|
|
Batting: RHB Ed Sedar
|
0-0: Called Strike 0-1: Swinging Strike 0-2: Ball 1-2: Strikes out swinging
|
|
Batting: LHB Huey Gayden
|
0-0: Ground out 4-3 (Groundball, 34, EV 86.3 MPH)
|
| Top of the 4th over - 4 runs, 6 hits, 0 errors, 2 left on base; Visalia 6 - Salinas 0 |
| BOTTOM OF THE 4TH |
|
Salinas Fire Frogs batting - Pitching for Visalia Mets : LHP Tom Bolton
|
|
Batting: RHB Carlos Urias
|
0-0: Called Strike 0-1: Ball 1-1: Ball 2-1: Ground out 3-1 (Groundball, 34S, EV 76.9 MPH)
|
|
Batting: RHB Kevin Mitchell
|
0-0: Fly out, F3 (Popup, 3L, EV 78.1 MPH)
|
|
Batting: RHB Bruce Morrison
|
0-0: Called Strike 0-1: Foul Ball, location: 2F 0-2: Ball 1-2: Foul Ball, location: 2F 1-2: Fly out, F8 (Flyball, 8RS, EV 77.5 MPH)
|
| Bottom of the 4th over - 0 runs, 0 hits, 0 errors, 0 left on base; Visalia 6 - Salinas 0 |
| TOP OF THE 5TH |
|
Visalia Mets batting - Pitching for Salinas Fire Frogs : RHP David Wong
|
|
Batting: LHB Pete Dalena
|
0-0: Ball 1-0: Ball 2-0: Ball 3-0: Base on Balls
|
|
Batting: RHB Gabriel de la Sancha
|
0-0: Swinging Strike 0-1: DOUBLE (Flyball, 8LXD, EV 103.1 MPH) Pete Dalena to third
|
|
Batting: RHB Mitchell Ashmore
|
0-0: Ball 1-0: Ball 2-0: Foul Ball, location: 2F 2-1: Swinging Strike 2-2: Hit by Pitch
|
|
Batting: SHB Rene Quinones
|
0-0: Ball 1-0: Ball 2-0: Ball 3-0: Called Strike 3-1: Fly out, F8 (Line Drive, 8LD, EV 98.1 MPH) Runner from 3rd tags up, SCORES, no throw by CF
|
|
Batting: SHB Marcos Gomez
|
0-0: Fly out, F8 (Flyball, 8LM, EV 93.1 MPH)
|
|
Batting: RHB Eddie Dennis
|
0-0: Ball 1-0: Ball 2-0: Ball 3-0: Called Strike 3-1: Foul Ball, location: 2F 3-2: Ground out 4-3 (Groundball, 4, EV 88.1 MPH)
|
| Top of the 5th over - 1 run, 1 hit, 0 errors, 2 left on base; Visalia 7 - Salinas 0 |
| BOTTOM OF THE 5TH |
|
Salinas Fire Frogs batting - Pitching for Visalia Mets : LHP Tom Bolton
|
|
Batting: LHB Raymond Smith
|
0-0: Ground out 4-3 (Groundball, 4, EV 83.1 MPH)
|
|
Batting: RHB Ramon Jimenez
|
0-0: Ball 1-0: Ground out 4-3 (Groundball, 4, EV 103.1 MPH)
|
|
Batting: LHB Daryl Pitts
|
0-0: Called Strike 0-1: Foul Ball, location: 2F 0-2: Ground out 6-3 (Groundball, 6MS, EV 89.4 MPH)
|
| Bottom of the 5th over - 0 runs, 0 hits, 0 errors, 0 left on base; Visalia 7 - Salinas 0 |
| TOP OF THE 6TH |
|
Visalia Mets batting - Pitching for Salinas Fire Frogs : RHP David Wong
|
|
Batting: RHB Danny Ainge
|
0-0: Called Strike 0-1: Ball 1-1: Ball 2-1: Swinging Strike 2-2: Ball 3-2: Strikes out swinging
|
|
Batting: RHB Ed Sedar
|
0-0: Called Strike 0-1: Hit by Pitch
|
|
Batting: LHB Huey Gayden
|
0-0: Fly out, F9 (Flyball, 9S, EV 77.5 MPH)
|
|
Batting: LHB Pete Dalena
|
0-0: Fly out, F6 (Line Drive, 6, EV 68.8 MPH)
|
| Top of the 6th over - 0 runs, 0 hits, 0 errors, 1 left on base; Visalia 7 - Salinas 0 |
| BOTTOM OF THE 6TH |
|
Salinas Fire Frogs batting - Pitching for Visalia Mets : LHP Tom Bolton
|
|
Batting: RHB Bruce Seid
|
0-0: SINGLE (Line Drive, 89S, EV 110.6 MPH)
|
|
Batting: LHB Charles McGehee
|
0-0: Ball 1-0: Fly out, F8 (Line Drive, 8RD, EV 91.3 MPH)
|
|
Batting: RHB Bobby Morin
|
0-0: Ball Bruce Seid steals 2nd base 1-0: SINGLE (Flyball, 56D, EV 91.9 MPH) Bruce Seid to third
|
|
Batting: RHB Carlos Urias
|
0-0: Fly out, F9 (Flyball, 9D, EV 106.3 MPH) Runner from 3rd tags up, SCORES, no throw by RF
|
|
Batting: RHB Kevin Mitchell
|
0-0: Called Strike 0-1: Ball Wild Pitch! Bobby Morin to second 1-1: Ball 2-1: SINGLE (Groundball, 56D, EV 102.5 MPH) Bobby Morin to third Runner from 3rd tries for Home, SAFE, throw by LF to home Kevin Mitchell to second
|
|
Batting: RHB Bruce Morrison
|
0-0: Ball 1-0: Ball 2-0: SINGLE (Line Drive, 9S, EV 92.5 MPH) Kevin Mitchell to third Runner from 3rd tries for Home, SAFE, throw by RF to home
|
|
Batting: LHB Raymond Smith
|
0-0: Fly out, F8 (Flyball, 8LXD, EV 107.5 MPH)
|
| Bottom of the 6th over - 3 runs, 4 hits, 0 errors, 1 left on base; Visalia 7 - Salinas 3 |
| TOP OF THE 7TH |
|
Visalia Mets batting - Pitching for Salinas Fire Frogs : RHP David Wong
|
|
Batting: RHB Gabriel de la Sancha
|
0-0: Ball 1-0: Ball 2-0: Ball 3-0: Called Strike 3-1: Base on Balls
|
|
Batting: RHB Mitchell Ashmore
|
0-0: Called Strike 0-1: Swinging Strike 0-2: Foul Ball, location: 2F 0-2: Ball 1-2: Ball 2-2: Foul Ball, location: 2F 2-2: Ball 3-2: Foul Ball, location: 2F 3-2: Foul Ball, location: 2F 3-2: Base on Balls Gabriel de la Sancha to second
|
|
Pitching: RHP Thomas Schneider
|
|
|
Batting: SHB Rene Quinones
|
0-0: Ball 1-0: Ball 2-0: Ball 3-0: Called Strike 3-1: Called Strike 3-2: Foul Ball, location: 2F 3-2: Foul Ball, location: 2F 3-2: Base on Balls Gabriel de la Sancha to third Mitchell Ashmore to second
|
|
Batting: SHB Marcos Gomez
|
0-0: Ball 1-0: Called Strike 1-1: Swinging Strike 1-2: SINGLE (Line Drive, 6M, EV 102.5 MPH) Gabriel de la Sancha scores Mitchell Ashmore to third Rene Quinones to second
|
|
Batting: RHB Eddie Dennis
|
0-0: Called Strike 0-1: Ball 1-1: Ball 2-1: SINGLE (Line Drive, 9S, EV 85.6 MPH) Mitchell Ashmore scores Rene Quinones to third Marcos Gomez to second Runner from 3rd tries for Home, SAFE, throw by RF to home
|
|
Batting: RHB Danny Ainge
|
0-0: Fly out, F3 (Popup, 3SF, EV 67.5 MPH)
|
|
Batting: RHB Ed Sedar
|
0-0: Swinging Strike 0-1: Fly out, F8 (Flyball, 8RS, EV 89.4 MPH)
|
|
Batting: LHB Huey Gayden
|
0-0: Ball 1-0: Foul Ball, location: 2F 1-1: Ball 2-1: Swinging Strike 2-2: Ball 3-2: Base on Balls Marcos Gomez to third Eddie Dennis to second
|
|
Batting: LHB Pete Dalena
|
0-0: Ball 1-0: Ball Wild Pitch! Marcos Gomez scores Eddie Dennis to third Huey Gayden to second 2-0: Ball 3-0: Called Strike 3-1: Base on Balls
|
|
Batting: RHB Gabriel de la Sancha
|
0-0: Called Strike 0-1: Fly out, F4 (Flyball, 34D, EV 89.4 MPH)
|
| Top of the 7th over - 4 runs, 2 hits, 0 errors, 3 left on base; Visalia 11 - Salinas 3 |
| BOTTOM OF THE 7TH |
|
Salinas Fire Frogs batting - Pitching for Visalia Mets : LHP Tom Bolton
|
|
Batting: RHB Ramon Jimenez
|
0-0: Called Strike 0-1: Ball 1-1: Foul Ball, location: 2F 1-2: Ball 2-2: Foul Ball, location: 2F 2-2: Ground out 4-3 (Groundball, 4M, EV 82.5 MPH)
|
|
Pitching: RHP Mike Ferguson
|
|
|
Pinch Hitting: RHB Alvin Moore
|
0-0: Ball 1-0: Foul Ball, location: 2F 1-1: Fly out, F6 (Popup, 6S, EV 65.6 MPH)
|
|
Pinch Hitting: RHB Richard Gonzalez
|
0-0: Ball 1-0: Foul Ball, location: 2F 1-1: Foul Ball, location: 2F 1-2: Fly out, F7 (Flyball, 78D, EV 103.1 MPH)
|
| Bottom of the 7th over - 0 runs, 0 hits, 0 errors, 0 left on base; Visalia 11 - Salinas 3 |
| TOP OF THE 8TH |
|
Visalia Mets batting - Pitching for Salinas Fire Frogs : RHP Thomas Schneider
|
|
Now at 2B: Richard Gonzalez
|
|
|
Now in RF: Alvin Moore
|
|
|
Batting: RHB Mitchell Ashmore
|
0-0: Ball 1-0: Ball 2-0: Called Strike 2-1: Called Strike 2-2: Foul Ball, location: 2F 2-2: Strikes out looking
|
|
Pinch Hitting: SHB Daniel Robie
|
0-0: SINGLE (Groundball, 34D, EV 103.8 MPH)
|
|
Batting: SHB Marcos Gomez
|
0-0: Ball 1-0: Ball 2-0: Foul Ball, location: 2F 2-1: TRIPLE (Flyball, 78XD, EV 97.5 MPH) Daniel Robie scores
|
|
Batting: RHB Eddie Dennis
|
0-0: Ground out 4-3 (Groundball, 4MS, EV 88.1 MPH) Marcos Gomez scores
|
|
Pinch Hitting: LHB Ricky Eberly
|
0-0: Called Strike 0-1: Ball 1-1: Called Strike 1-2: Ball 2-2: Fly out, F7 (Flyball, 7LM, EV 91.9 MPH)
|
| Top of the 8th over - 2 runs, 2 hits, 0 errors, 0 left on base; Visalia 13 - Salinas 3 |
| BOTTOM OF THE 8TH |
|
Salinas Fire Frogs batting - Pitching for Visalia Mets : RHP Mike Ferguson
|
|
Now at 3B: Ricky Eberly
|
|
|
Now at SS: Daniel Robie
|
|
|
Batting: LHB Charles McGehee
|
0-0: Foul Ball, location: 2F 0-1: Ball 1-1: Foul Ball, location: 2F 1-2: Foul Ball, location: 2F 1-2: Foul Ball, location: 2F 1-2: Ball 2-2: Strikes out looking
|
|
Batting: RHB Bobby Morin
|
0-0: Fly out, F3 (Flyball, 3D, EV 91.3 MPH)
|
|
Pinch Hitting: RHB Richard Doss
|
0-0: Swinging Strike 0-1: Called Strike 0-2: Ball 1-2: Strikes out swinging
|
| Bottom of the 8th over - 0 runs, 0 hits, 0 errors, 0 left on base; Visalia 13 - Salinas 3 |
| TOP OF THE 9TH |
|
Visalia Mets batting - Pitching for Salinas Fire Frogs : RHP Thomas Schneider
|
|
Pitching: RHP John Bulleri
|
|
|
Now at 3B: Richard Doss
|
|
|
Batting: RHB Ed Sedar
|
0-0: Foul Ball, location: 2F 0-1: Swinging Strike 0-2: SINGLE (Groundball, 15S, EV 63.8 MPH) (infield hit)
|
|
Batting: LHB Huey Gayden
|
0-0: Called Strike 0-1: Called Strike 0-2: DOUBLE (Flyball, 8LD, EV 103.1 MPH) Ed Sedar to third
|
|
Batting: LHB Pete Dalena
|
0-0: Foul Ball, location: 2F 0-1: Foul Ball, location: 2F 0-2: Ball 1-2: Strikes out looking
|
|
Batting: RHB Gabriel de la Sancha
|
0-0: Called Strike 0-1: Called Strike 0-2: Ball 1-2: Ball 2-2: Foul Ball, location: 2F 2-2: Strikes out looking and he ARGUES THE CALL AND IS TOSSED!
|
|
Batting: RHB Mitchell Ashmore
|
0-0: Ball 1-0: Foul Ball, location: 2F 1-1: Fly out, F9 (Flyball, 89M, EV 86.9 MPH)
|
| Top of the 9th over - 0 runs, 2 hits, 0 errors, 2 left on base; Visalia 13 - Salinas 3 |
| BOTTOM OF THE 9TH |
|
Salinas Fire Frogs batting - Pitching for Visalia Mets : RHP Mike Ferguson
|
|
Now in RF: David Navarro
|
|
|
Pinch Hitting: SHB Terry Raley
|
0-0: Called Strike 0-1: Swinging Strike 0-2: Ball 1-2: Ball 2-2: Strikes out swinging
|
|
Batting: RHB Bruce Morrison
|
0-0: Ground out 6-3 (Groundball, 6, EV 79.4 MPH)
|
|
Batting: LHB Raymond Smith
|
0-0: Called Strike 0-1: Foul Ball, location: 2F 0-2: Ball 1-2: Ball 2-2: Foul Ball, location: 2F 2-2: Foul Ball, location: 2F 2-2: Ball 3-2: Base on Balls
|
|
Pinch Hitting: RHB Joe Portale
|
0-0: Foul Ball, location: 2F 0-1: Ball 1-1: Swinging Strike 1-2: Ball 2-2: Foul Ball, location: 2F 2-2: Foul Ball, location: 2F 2-2: Strikes out swinging
|
| Bottom of the 9th over - 0 runs, 0 hits, 0 errors, 1 left on base; Visalia 13 - Salinas 3 |
|